 Dungeon Crawl Stone Soup version 0.26.0-20-g3ca415f5b8 (webtiles) character file.

Game seed: 7472728328086482272

14357 hawla the Destroyer (level 11, -11/78 (83) HPs)
             Began as a Red Draconian Conjurer on Jan 25, 2021.
             Was an Elder of Vehumet.
             Mangled by a wraith (14 damage)
             ... led by Josephine
             ... on level 12 of the Dungeon.
             The game lasted 00:54:27 (15068 turns).

hawla the Destroyer (Red Draconian Conjurer)       Turns: 15068, Time: 00:54:27

HP:   -11/78 (83)   AC: 12    Str:  9    XL:     11   Next: 87%
MP:   9/24          EV: 13    Int: 23    God:    Vehumet [****..]
Gold: 664           SH:  5    Dex: 15    Spells: 9/28 levels left

rFire    + . .     SeeInvis .   p - staff of conjuration
rCold    + . .     Faith    .   k - +0 buckler
rNeg     + . .     Spirit   .   (armour unavailable)
rPois    .         Reflect  .   (helmet restricted)
rElec    .         Harm     .   y - +1 cloak
rCorr    .         Rampage  .   (no gloves)
Will     .....     Clarity  +   t - +2 pair of boots
Stlth    ++........             m - amulet of regeneration
HPRegen  0.63/turn              b - ring of positive energy
MPRegen  0.19/turn              B - +6 ring of dexterity

@: about to teleport, slowed, drained, very slow
A: breathe fire, unfitting armour, talons 1, clarity, cold resistance 1, fire
resistance 1, cold-blooded, MP-powered wands, AC +7
a: Breathe Fire, Renounce Religion


You were on level 12 of the Dungeon.
You worshipped Vehumet.
Vehumet was greatly pleased with you.
You visited 2 branches of the dungeon, and saw 13 of its levels.

You collected 1105 gold pieces.
You spent 441 gold pieces at shops.

Inventory:

Missiles
 j - 4 javelins
 u - 7 silver boomerangs (quivered)
 v - 30 poisoned darts
 w - 5 boomerangs
Armour
 k - a +0 buckler (worn)
 t - a +2 pair of boots (worn)
 y - a +1 cloak (worn)
Magical Staves
 p - an uncursed staff of conjuration (weapon)
Jewellery
 b - a ring of positive energy (left hand)
 m - an amulet of regeneration (around neck)
 n - an uncursed ring of stealth
 B - a +6 ring of dexterity (right hand)
 F - an uncursed ring of resist corrosion
 G - an uncursed ring of ice
Wands
 h - a wand of polymorph (5)
 l - a wand of paralysis (21)
 x - a wand of enslavement (7)
 z - a wand of flame (14)
Scrolls
 c - 4 scrolls of magic mapping
 d - 3 scrolls of remove curse
 f - 4 scrolls of teleportation
 q - 3 scrolls of amnesia
 s - a scroll of fog
 D - 2 scrolls of identify
 E - a scroll of enchant weapon
Potions
 e - 3 potions of haste
 g - 2 potions of might
 i - a potion of resistance
 r - a potion of lignification
 C - a potion of degeneration {unknown}


   Skills:
 + Level 3.9 Fighting
 * Level 8.7 Staves
 - Level 1.0 Throwing
 + Level 3.3 Dodging
 - Level 2.0 Stealth
 - Level 4.0 Shields
 - Level 9.0 Spellcasting
 - Level 9.0 Conjurations
 - Level 4.7 Translocations
 - Level 9.0 Fire Magic
 - Level 2.3 Poison Magic
 - Level 4.0 Evocations


You had 9 spell levels left.
You knew the following spells:

 Your Spells              Type           Power        Failure   Level
a - Magic Dart            Conj           100%         1%          1
b - Searing Ray           Conj           100%         1%          2
c - Iskenderun's Mystic   Conj/Tloc      58%          1%          4
d - Blink                 Tloc           N/A          1%          2
e - Conjure Flame         Conj/Fire      67%          1%          3
f - Stone Arrow           Conj/Erth      92%          1%          3
g - Olgreb's Toxic Radia  Pois           20%          7%          4

Your spell library contained the following spells:

 Spells                   Type           Power        Failure   Level
 Foxfire                  Conj/Fire      100%         1%          1
 Shock                    Conj/Air       100%         1%          1
 Dazzling Flash           Conj/Hex       92%          1%          3
 Mephitic Cloud           Conj/Pois/Air  41%          1%          3
 Static Discharge         Conj/Air       46%          1%          3
 Fulminant Prism          Conj/Hex       23%          2%          4
 Lightning Bolt           Conj/Air       23%          7%          5
 Call Imp                 Summ           10%          10%         2
 Slow                     Hex            10%          10%         2
 Swiftness                Air            10%          10%         2
 Airstrike                Air            5%           16%         4


Dungeon Overview and Level Annotations

Branches:
Dungeon (12/15)            Temple (1/1) D:6            Lair (0/6) D:9
    Orc (0/2) D:9

Altars:
Ashenzari
Cheibriados
Dithmenos
Elyvilon
Fedhas
Gozag
Hepliaklqana
Kikubaaqudgha
Makhleb
Nemelex Xobeh
Okawaru
Qazlal
Ru
Sif Muna
Trog
Uskayaw
Vehumet
Wu Jian
Xom
Yredelemnul
Zin
The Shining One

Shops:
D:7 ?*[*(   D:8 [   D:10 [   D:12 *

Annotations:
D:7 3 runed translucent doors, Gadfly's ghost, novice OgMo; SnakkuSnakku7's ghost, journeyman MfCj; backslashecho's ghost, novice FoIE; iamoutofideas's ghost, novice DsFE; shummie's ghost, novice GrFi
D:12 Nergalle


Innate Abilities, Weirdness & Mutations

You can breathe blasts of fire.
Your fiery red scales are hard. (AC +7)
You cannot fit into any form of body armour.
Your flesh is heat resistant. (rF+)
You are cold-blooded and may be slowed by cold attacks.
You have sharp toenails.
You possess an exceptional clarity of mind.
Your flesh is cold resistant. (rC+)
You expend magic power (3 MP) to strengthen your wands.


Message History

Nergalle casts a spell at you.
The bolt of negative energy hits the wraith.
The wraith completely resists.
The bolt of negative energy hits you! You partially resist.
You feel drained.
* * * LOW HITPOINT WARNING * * *
The bolt of negative energy hits the spectral orc warrior.
The spectral orc warrior completely resists.
The spectral orc hits you but does no damage.
You feel better. The wraith hits you but does no damage.
The wraith closely misses you.
The spectral orc knight closely misses you.
The spectral orc hits you with a +0 dagger.
* * * LOW HITPOINT WARNING * * *
You partially resist.
You feel drained.
The spectral orc knight hits you with a +2 great sword!
* * * LOW HITPOINT WARNING * * *
The spectral orc warrior hits you but does no damage.
The spectral orc warrior completely misses you.
The wraith hits you!
You die...

***** **,,,, **# *,,,,,
######*.## *,,,,,
###ZZZ∩#...# *,,**,
#.ZW@###...# *,,,,,
##..ZWZ9.?..#****,,,,,
#..).ZZ.....#,,,,,,,,,
#....o.......,,,,,,,,,
##....)......##,,,***,,
#.............#*,,**,,,
#...##.†(....#**,,**,,*
#...#........#,,,,,,,,,
#......#....###,*,,,,,,


You could see Nergalle (poisoned), a spectral orc (summoned), 5 spectral orc
warriors, 2 spectral orc knights, 2 wraiths and a gargoyle.

Vanquished Creatures
  Josephine (D:11)
  Fannar (D:11)
  A two-headed ogre (D:12)
  Pikel (D:6)
  A manticore (D:9)
  An ugly thing (D:12)
  A centaur zombie (D:10)
  Psyche (D:8)
  A hornet (D:9)
  A troll (D:11)
  4 wraiths
  A wyvern (D:11)
  3 yaks (D:10)
  Duvessa (D:7)
  4 black bears
  14 orc warriors
  4 ice beasts
  3 sky beasts
  2 necrophages
  7 phantoms
  10 ogres
  2 centaurs
  3 big kobolds
  9 bullfrogs
  Dowan (D:7)
  5 scorpions
  13 killer bees
  2 electric eels (D:8)
  15 wights
  A howler monkey (D:9)
  2 quasits
  A bullfrog zombie (D:8)
  6 orc priests
  Crazy Yiuf (D:7)
  3 bullfrog skeletons
  3 hounds
  5 jellies
  14 orc wizards
  4 centaur skeletons
  An iguana (D:9)
  7 worker ants
  3 hound skeletons
  A hound zombie (D:7)
  4 worker ant zombies
  A gnoll (D:2)
  A howler monkey skeleton (D:9)
  14 adders
  2 shadow imps
  2 white imps
  5 ufetubi
  An ooze (D:3)
  2 adder zombies
  A worm (D:2)
  2 dart slugs (D:1)
  4 leopard geckos
  61 orcs
  2 ball pythons (D:3)
  5 giant cockroaches
  14 goblins
  9 hobgoblins
  12 jackals
  18 kobolds
  4 quokkas
  6 bats
  3 frilled lizards
  A leopard gecko zombie (D:3)
  2 quokka skeletons (D:6)
  12 rats
353 creatures vanquished.

Vanquished Creatures (others)
  An adder (D:6)
  A leopard gecko (D:6)
  An orc (D:8)
  14 fungi
  13 plants
30 creatures vanquished.

Grand Total: 383 creatures vanquished

Notes
Turn   | Place    | Note
-------+----------+-------------------------------------------
     0 | D:1      | hawla the Draconian Conjurer began the quest for the Orb.
     0 | D:1      | Reached XP level 1. HP: 14/14 MP: 3/3
   252 | D:1      | Reached skill level 1 in Fighting
   252 | D:1      | Reached XP level 2. HP: 14/23 MP: 0/5
  1129 | D:1      | Reached XP level 3. HP: 29/29 MP: 1/6
  1291 | D:2      | Learned a level 2 spell: Searing Ray
  1379 | D:2      | Found a burning altar of Makhleb.
  2061 | D:2      | Found a broken altar of Ashenzari.
  2126 | D:2      | Reached XP level 4. HP: 36/36 MP: 6/9
  2131 | D:2      | Learned a level 4 spell: Iskenderun's Mystic Blast
  3155 | D:3      | Gained mutation: Your spells are a little harder to cast,
                  | but a little more powerful. [potion of mutation]
  3155 | D:3      | Gained mutation: You have a pair of small antennae on your
                  | head. [potion of mutation]
  3156 | D:3      | Lost mutation: You have a pair of small antennae on your
                  | head. [potion of mutation]
  3156 | D:3      | Lost mutation: Your spells are a little harder to cast, but
                  | a little more powerful. [potion of mutation]
  3156 | D:3      | Gained mutation: Scrolls take you a little longer to read.
                  | [potion of mutation]
  3156 | D:3      | Gained mutation: You do not regenerate when monsters are
                  | visible. [potion of mutation]
  3156 | D:3      | Gained mutation: You have sharp toenails. [potion of
                  | mutation]
  3156 | D:3      | Gained mutation: Your flesh is heat resistant. (rF+)
                  | [potion of mutation]
  3157 | D:3      | Lost mutation: Scrolls take you a little longer to read.
                  | [potion of mutation]
  3157 | D:3      | Lost mutation: Your flesh is heat resistant. (rF+) [potion
                  | of mutation]
  3157 | D:3      | Gained mutation: You expend magic power (3 MP) to
                  | strengthen your wands. [potion of mutation]
  3157 | D:3      | Gained mutation: Your mind is acute. (Int +2) [potion of
                  | mutation]
  3351 | D:3      | Found an iron altar of Okawaru.
  3464 | D:3      | Noticed a centaur
  3473 | D:3      | Killed a centaur
  3474 | D:3      | Reached skill level 1 in Shields
  3474 | D:3      | Reached skill level 1 in Translocations
  3474 | D:3      | Reached XP level 5. HP: 19/41 MP: 5/11
  4753 | D:4      | Reached XP level 6. HP: 48/48 MP: 6/12
  5390 | D:5      | Entered Level 5 of the Dungeon
  5600 | D:5      | Found a sparkling altar of Nemelex Xobeh.
  5651 | D:5      | Reached skill level 1 in Evocations
  5750 | D:5      | Reached skill level 1 in Throwing
  5800 | D:5      | Your scales start taking on a fiery red colour.
  5800 | D:5      | Reached XP level 7. HP: 55/55 MP: 8/13
  5800 | D:5      | Gained mutation: Your flesh is heat resistant. (rF+) [Red
                  | Draconian growth]
  6104 | D:5      | Lost mutation: You do not regenerate when monsters are
                  | visible. [potion of mutation]
  6104 | D:5      | Gained mutation: Your magical capacity is low. (-10% MP)
                  | [potion of mutation]
  6104 | D:5      | Gained mutation: Scrolls take you a little longer to read.
                  | [potion of mutation]
  6104 | D:5      | Gained mutation: Your flesh is cold resistant. (rC+)
                  | [potion of mutation]
  6104 | D:5      | Gained mutation: Your flesh is very heat resistant. (rF++)
                  | [potion of mutation]
  6263 | D:6      | Reached skill level 5 in Conjurations
  6368 | D:6      | Reached skill level 5 in Spellcasting
  6490 | D:6      | Found a white marble altar of Elyvilon.
  6556 | D:6      | Found a blossoming altar of Fedhas.
  6557 | D:6      | Found a stormy altar of Qazlal.
  6689 | D:6      | Reached XP level 8. HP: 61/61 MP: 7/14
  6854 | D:6      | Noticed Pikel
  6876 | D:6      | Killed Pikel
  7356 | D:6      | Found a staircase to the Ecumenical Temple.
  7366 | Temple   | Entered the Ecumenical Temple
  7457 | Temple   | Became a worshipper of Vehumet
  7920 | D:7      | Found a runed translucent gate.
  7920 | D:7      | Found a runed translucent gate.
  7921 | D:7      | Noticed backslashecho's ghost (novice FoIE)
  7921 | D:7      | Noticed iamoutofideas's ghost (novice DsFE)
  7923 | D:7      | Found a runed translucent gate.
  7923 | D:7      | Noticed shummie's ghost (novice GrFi)
  7923 | D:7      | Noticed SnakkuSnakku7's ghost (journeyman MfCj)
  7923 | D:7      | Noticed Gadfly's ghost (novice OgMo)
  8000 | D:7      | Found Weybrof's General Store.
  8030 | D:7      | Found Onwang's Antique Weapon Emporium.
  8036 | D:7      | Bought a glowing quarterstaff for 182 gold pieces
  8060 | D:7      | Reached XP level 9. HP: 60/67 MP: 13/17
  8063 | D:7      | Reached * piety under Vehumet
  8063 | D:7      | Offered knowledge of Foxfire by Vehumet.
  8134 | D:7      | Learned a level 1 spell: Foxfire
  8279 | D:7      | Found Yraang's Magic Scroll Shoppe.
  8284 | D:7      | Reached skill level 1 in Staves
  8348 | D:7      | Reached skill level 1 in Fire Magic
  8407 | D:7      | Bought a scroll of noise for 12 gold pieces
  8633 | D:7      | Found Etusmalo's Assorted Antiques.
  8661 | D:7      | Found a runed translucent door.
  8662 | D:7      | Noticed Crazy Yiuf
  8677 | D:7      | Found Votwiukk's Antique Armour Shop.
  8682 | D:7      | Bought a pair of glowing boots for 247 gold pieces
  8891 | D:7      | Noticed Dowan
  8894 | D:7      | Noticed Duvessa
  8898 | D:7      | Killed Dowan
  8902 | D:7      | Killed Duvessa
  9133 | D:7      | Found a hazy altar of Hepliaklqana.
  9227 | D:7      | Killed Crazy Yiuf
  9321 | Temple   | Lost mutation: Your mind is acute. (Int +2) [potion of
                  | mutation]
  9321 | Temple   | Lost mutation: Scrolls take you a little longer to read.
                  | [potion of mutation]
  9321 | Temple   | Lost mutation: Your flesh is very heat resistant. (rF++)
                  | [potion of mutation]
  9321 | Temple   | Lost mutation: Your magical capacity is low. (-10% MP)
                  | [potion of mutation]
  9321 | Temple   | Gained mutation: You possess an exceptional clarity of
                  | mind. [potion of mutation]
  9887 | D:8      | Offered knowledge of Freeze by Vehumet.
  9927 | D:8      | Reached ** piety under Vehumet
 10024 | D:9      | Noticed a manticore
 10161 | D:8      | Reached XP level 10. HP: 73/73 MP: 14/21
 10629 | D:8      | Found a glowing silver altar of Zin.
 10684 | D:8      | Learned a level 2 spell: Blink
 10688 | D:8      | Learned a level 3 spell: Conjure Flame
 10707 | D:8      | Found Yklinos's Antique Armour Shoppe.
 10820 | D:9      | Offered knowledge of Inner Flame by Vehumet.
 10829 | D:9      | Killed a manticore
 10838 | D:9      | Reached skill level 5 in Fire Magic
 10995 | D:9      | Noticed Psyche
 11082 | D:8      | Killed Psyche
 11151 | D:9      | Reached *** piety under Vehumet
 11389 | D:9      | Found a sacrificial altar of Ru.
 11419 | D:9      | Reached skill level 5 in Staves
 11644 | D:9      | Found a staircase to the Orcish Mines.
 11708 | D:9      | Offered knowledge of Stone Arrow by Vehumet.
 11723 | D:9      | Learned a level 3 spell: Stone Arrow
 11779 | D:9      | Found a staircase to the Lair.
 11922 | D:9      | Paralysed by a hornet for 2 turns
 11988 | D:9      | Found an ancient bone altar of Kikubaaqudgha.
 12244 | D:10     | Entered Level 10 of the Dungeon
 12665 | D:10     | Reached XP level 11. HP: 65/79 MP: 12/23
 12681 | D:10     | Reached **** piety under Vehumet
 12700 | D:10     | Offered knowledge of Olgreb's Toxic Radiance by Vehumet.
 12827 | D:10     | Learned a level 4 spell: Olgreb's Toxic Radiance
 13307 | D:10     | Found Haxzau's Antique Armour Shoppe.
 13660 | D:11     | Got a brightly glowing platinum ring
 13677 | D:11     | Identified the ring "Ypuxar" {Fire Will- Str+10 Int-3
                  | Dex+4} (You found it on level 11 of the Dungeon)
 13740 | D:11     | Noticed Josephine
 13748 | D:11     | Killed Josephine
 13749 | D:11     | Reached skill level 1 in Poison Magic
 14500 | D:11     | Noticed Fannar
 14509 | D:11     | Killed Fannar
 15016 | D:12     | Noticed a purple ugly thing
 15020 | D:12     | Noticed Nergalle
 15035 | D:12     | Noticed a two-headed ogre
 15039 | D:12     | Noticed a spectral orc warlord
 15042 | D:12     | Killed a two-headed ogre
 15061 | D:12     | Killed a purple ugly thing
 15065 | D:12     | Found Bosaskugg's Assorted Antiques.
 15068 | D:12     | HP: 3/78 [spectral orc knight/+2 great sword[Nergalle]
                  | (14)]
 15068 | D:12     | Mangled by a wraith

Illustrated notes

Levels and vault maps discovered:
D:1:      mainiacjoe_arrival_reflecting_pool, layout_basic
D:2:      kennysheep_big_flooded_room, layout_basic,
          nicolae_ashenzari_panopticon, bloody_makhleb
D:3:      kennysheep_six_static_rooms, layout_basic, okawaru_trees_1
D:4:      layout_basic, serial_corexii_hall, corexii_hall_statues_u,
          corexii_hall_statues_s, chequers_hall_statues_wall_a,
          chequers_hall_statues_corner_a, minmay_stone_trees_medium
D:5:      layout_rooms, nicolae_overflow_crystal_walls, nrook_pool_corridor
D:6:      layout_gridville, grunt_temple_overflow_forces_of_nature,
          old_standard_altar, lemuel_temple_firewalk_b, lemuel_flamethrower_2,
          uniq_pikel
D:7:      layout_basic, nzn_hepliaklqana_mist_gate, gammafunk_ghost_cemetery,
          serial_shops, shop, shop_fountains, kennysheep_little_box, shop_coins,
          nicolae_shop_crystal, minmay_stone_trees_small, uniq_duvessa,
          uniq_crazy_yiuf_cottage
D:8:      layout_cave_pools, zin_statuary, serial_shops, shop,
          fungi_pond_lemuel, chequers_serial_rivers_micro_c
D:9:      layout_gridville, lemuel_crystal_altar,
          grunt_lair_entry_orc_guard_hut, orc_david_3,
          nicolae_ru_sacrificial_ziggurat, uniq_psyche
D:10:     layout_loops_ring, serial_shops, shop, blue_anna_alchemist
          [blue_anna_fruit_fields, blue_anna_fruit_fields]
D:11:     layout_roguey [special_room_orc], serial_glass, glass_columns_b,
          glass_columns_b, glass_columns_a, glass_columns_a, glass_columns_a,
          glass_columns_c, glass_columns_a, glass_columns_b, glass_columns_c,
          glass_columns_c, grunt_ministairs_2, uniq_josephine, uniq_fannar
D:12:     layout_cave_pools, basic_altar,
          portal_ice_cave_entry_animals_and_master, serial_shops,
          kennysheep_mini, kennysheep_generic_room_12, uniq_nergalle
Temple:   nicolae_temple_hex_pool

Skill      XL: |  1  2  3  4  5  6  7  8  9 10 11 |
---------------+----------------------------------+-----
Stealth        | 2 |  2.0
Fighting       | 1 2 3 |  3.9
Dodging        | 2 3 |  3.3
Spellcasting   | 3 4 5 6 7 8 9 |  9.0
Shields        | 1 2 3 4 |  4.0
Translocations | 1 2 3 4 |  4.7
Evocations     | 1 2 3 4 |  4.0
Throwing       | 1 |  1.0
Conjurations   | 5 7 8 9 |  9.0
Staves         | 3 6 8 |  8.7
Fire Magic     | 4 7 9 |  9.0
Poison Magic   | 2 |  2.3

Action                   |  1- 3 |  4- 6 |  7- 9 | 10-12 || total
-------------------------+-------+-------+-------+-------++-------
Melee: Unarmed           |    42 |    53 |    24 |       ||   119
       Tailslap          |     6 |     4 |     3 |     4 ||    17
       Kick              |       |     7 |     3 |       ||    10
       Staff             |       |       |    11 |    64 ||    75
 Cast: Magic Dart        |    65 |    57 |    73 |    80 ||   275
       Searing Ray       |     7 |    33 |    64 |    89 ||   193
       Iskenderun's Myst |       |     2 |    17 |    54 ||    73
       Stone Arrow       |       |       |       |     3 ||     3
       Olgreb's Toxic Ra |       |       |       |    13 ||    13
 Abil: Breathe Fire      |       |       |     3 |     2 ||     5
  Use: Scroll            |     1 |    14 |     3 |     9 ||    27
       Potion            |       |     5 |     3 |     7 ||    15
Armor: Skin              |    18 |    43 |    54 |    88 ||   203
Dodge: Dodged            |    43 |    80 |    94 |   140 ||   357
Block: Buckler           |       |       |    28 |    36 ||    64
